 Dungeon Crawl Stone Soup version 0.27.1-34-g3ba077fa99 (webtiles) character file.

Game seed: 11690204847593964766

247 porpoise the Sneak (level 6, -5/52 HPs)
             Began as a Formicid Delver on Jan 5, 2022.
             Killed by divine providence
             ... invoked by an orc priest
              (11 damage)
             ... on level 4 of the Dungeon.
             The game lasted 00:17:48 (4650 turns).

porpoise the Sneak (Formicid Delver)                Turns: 4650, Time: 00:17:51

Health: -5/52      AC: -5    Str: 19    XL:     6   Next: 34%
Magic:  6/6        EV: 11    Int: 21    God:
Gold:   216        SH:  0    Dex: 12    Spells: 5/5 levels left

rFire    . . .     SeeInvis +   a - +0 spear
rCold    . . .     Faith    .   (no shield)
rNeg     . . .     Spirit   .   b - +0 leather armour
rPois    .         Reflect  .   (helmet unavailable)
rElec    .         Harm     .   (no cloak)
rCorr    .         Rampage  .   (no gloves)
Will     .....                  (no boots)
Stlth    +++.......             (no amulet)
HPRegen  0.17/turn              h - +6 ring of intelligence
MPRegen  0.10/turn              y - +6 ring of intelligence

@: mighty, corroded
A: permanent stasis, dig shafts and tunnels, antennae 3, four strong arms
a: Dig, Shaft Self


You were on level 4 of the Dungeon.
You visited 2 branches of the dungeon, and saw 6 of its levels.

You collected 216 gold pieces.

Inventory:

Hand Weapons
 a - a +0 spear (weapon)
Missiles
 g - 5 poisoned darts
 o - 62 arrows
 p - 19 bolts
 s - 146 stones (quivered)
 A - 5 boomerangs
Armour
 b - a +0 leather armour (worn)
Magical Staves
 r - a staff of death
Jewellery
 h - a +6 ring of intelligence (left hand)
 y - a +6 ring of intelligence (right hand)
 C - a ring of magical power
Wands
 f - a wand of digging (2)
 x - a wand of iceblast (5)
Scrolls
 c - a scroll of fog
 d - a scroll of magic mapping
 e - 2 scrolls of fear
 j - 2 scrolls of noise
Potions
 i - a potion of heal wounds
 m - 2 potions of curing
 n - a potion of flight
 q - a potion of resistance
 w - a potion of magic {unknown}
 z - 2 potions of attraction
 B - a potion of ambrosia {unknown}


   Skills:
 * Level 6.2 Fighting
 - Level 2.0 Polearms
 - Level 1.7 Dodging
 + Level 7.5 Stealth


You had 5 spell levels left.
You didn't know any spells.
Your spell library contained the following spells:

 Spells                   Type           Power      Damage    Failure   Level
 Animate Skeleton         Necr           0%         N/A       22%         1
 Pain                     Necr           0%         1d4       22%         1
 Vampiric Draining        Necr           0%         2d6       54%         3


Dungeon Overview and Level Annotations

Branches:
Dungeon (5/15)             Temple (1/1) D:4

Altars:
Ashenzari
Cheibriados
Elyvilon
Fedhas
Gozag
Kikubaaqudgha
Okawaru
Sif Muna
Trog
Uskayaw
Vehumet
Wu Jian
Xom
Yredelemnul
Zin
The Shining One

Annotations:
D:2 Sigmund
D:3 exclusion: upstairs


Innate Abilities, Weirdness & Mutations

You cannot be hasted, slowed, berserked, paralysed or teleported.
You can dig through walls and to a lower floor.
You have a pair of large antennae on your head. (SInv)
Your four strong arms can wield two-handed weapons with a shield.


Message History

HP restored.
Things that are here:
a +0 falchion; a +0 leather armour; the human skeleton of Eustachio
s - 146 stones (gained 27)
A hobgoblin comes into view.
You reach to attack!
The helpless hobgoblin fails to defend itself.
You hit the hobgoblin.
The hobgoblin is almost dead.
You hit the hobgoblin.
You kill the hobgoblin!
Found 10 gold pieces.
You now have 216 gold pieces (gained 10).
An orc priest comes into view. It is wielding a +0 hand axe.
An orc priest comes into view. It is wielding a +0 hand axe.
The jelly quivers.
You hit the jelly. The acid corrodes you!
Your hands burn!
The jelly is moderately wounded.
The orc priest shouts!
The jelly hits you. The acid corrodes you!
You are splashed with acid!
An orc wizard comes into view. It is wielding a +4 dagger.
The orc priest shouts!
You hit the jelly.
Your hands burn!
The jelly is severely wounded.
The jelly barely misses you.
It was a potion of might.
You feel very mighty all of a sudden.
The orc priest invokes the aid of Beogh against you.
Beogh smites you! The jelly hits you.
You are splashed with acid.
You hit the jelly but do no damage.
Your hands burn!
The jelly is severely wounded.
The jelly hits you.
You are splashed with acid!
* * * LOW HITPOINT WARNING * * *
You hit the jelly.
Your hands burn!
* * * LOW HITPOINT WARNING * * *
The jelly is almost dead.
The jelly closely misses you.
The orc priest calls down the wrath of Beogh upon you.
Beogh smites you!
You die...

#..#....###
..........#
##..###### #
..........
#..## #
..........
##..# ####
......... #..##
#... #...o....
##..# .....
#..o....###..##
..Z..
#....Jo.##..#
).... #@....##
..... ###...#
..... ##..#
..... #..# {
.... ##.# ....
###.# ...
##.#.# ##..#.##
##...#..#


You could see a jelly, 2 orc priests and an orc wizard.

Vanquished Creatures
  Eustachio (D:4)
  2 hound skeletons (D:4)
  2 adders
  A worm (D:3)
  A dart slug (D:3)
  4 orcs
  6 bats
  3 endoplasms
  6 giant cockroaches
  9 goblins
  6 hobgoblins
  6 kobolds
  A quokka (D:1)
  4 ball pythons
  6 frilled lizards
  7 rats
65 creatures vanquished.

Vanquished Creatures (others)
  17 plants (D:3)
17 creatures vanquished.

Grand Total: 82 creatures vanquished

Notes
Turn   | Place    | Note
-------+----------+-------------------------------------------
     0 | D:5      | porpoise the Formicid Delver began the quest for the Orb.
     0 | D:5      | Reached XP level 1. HP: 18/18 MP: 1/1
    51 | D:4      | Reached XP level 2. HP: 15/25 MP: 2/2
   245 | D:2      | Noticed Sigmund
   635 | D:1      | Reached XP level 3. HP: 29/30 MP: 3/3
   796 | D:1      | Found a faded altar of an unknown god.
  1488 | D:2      | Reached XP level 4. HP: 38/38 MP: 4/4
  2249 | D:3      | Found a white marble altar of Elyvilon.
  2512 | D:3      | You fall into a shaft and drop 1 floor!
  2558 | D:3      | Reached skill level 5 in Fighting
  3567 | D:4      | Found a staircase to the Ecumenical Temple.
  3575 | Temple   | Entered the Ecumenical Temple
  3818 | D:4      | Reached XP level 5. HP: 29/44 MP: 5/5
  4238 | D:4      | Noticed Eustachio
  4292 | D:4      | Killed Eustachio
  4293 | D:4      | Reached skill level 7 in Stealth
  4293 | D:4      | Reached XP level 6. HP: 9/52 MP: 6/6
  4650 | D:4      | Killed from afar by an orc priest

Illustrated notes

Levels and vault maps discovered:
D:1:      minmay_arrival_stone_box, layout_rooms, basic_ecumenical_altar,
          minmay_pentomino_t4
D:2:      layout_basic, uniq_sigmund
D:3:      layout_basic, mainiacjoe_overflow_paths, serial_bayou,
          serial_bayou_shore_a, serial_bayou_crossing, serial_bayou_pond_b,
          serial_bayou_lagoon_a, chequers_serial_rivers_small_a,
          kennysheep_generic_room_12
D:4:      layout_cave_pods, minmay_temple_entry_junction, due_unseen_surprise,
          uniq_eustachio
D:5:      layout_rooms, kennysheep_decorative_pillar, minmay_increasing_density
Temple:   regret_index_temple_generic_petals

Skill      XL: |  1  2  3  4  5 |
---------------+----------------+-----
Fighting       | 4 5 6 |  6.2
Stealth        | 7 |  7.5
Polearms       | |  2.0
Dodging        | |  1.7

Action                   |  1- 3 |  4- 6 || total
-------------------------+-------+-------++-------
Melee: Spear             |   111 |   125 ||   236
Throw: Dart              |       |     6 ||     6
       Stone             |       |     5 ||     5
Evoke: Wand              |       |     2 ||     2
  Use: Scroll            |       |     9 ||     9
       Potion            |       |     3 ||     3
 Stab: Sleeping          |    11 |     7 ||    18
Armor: Leather armour    |    27 |    14 ||    41
Dodge: Dodged            |    60 |    44 ||   104
